PR
VALLEY VIEW COUGARS @ MEMPHIS MUSIC
07/19/2037
 
TOP OF THE 1ST
Valley View Cougars batting - Pitching for Memphis Music : RHP Sang-hwa Kim
Pitching: RHP Sang-hwa Kim
Batting: RHB Jerry Scott 0-0: Ball
1-0: Ball
2-0: Ball
3-0: Called Strike
3-1: Swinging Strike
3-2: Reached on error, E4 (Groundball, 34, EV 85.6 MPH)
Batting: RHB Tyler Namaes 0-0: Ground out 5-3 (Groundball, 5, EV 86.2 MPH)
Batting: RHB Matt Méndez 0-0: Called Strike
0-1: Ground out 5-3 (Groundball, 56, EV 108.1 MPH)
Batting: RHB John Ingham 0-0: Called Strike
0-1: Ball
1-1: Foul Ball, location: 2F
1-2: Foul Ball, location: 2F
1-2: SINGLE (Groundball, 15S, EV 73.8 MPH) (infield hit)
Jerry Scott to third
Batting: RHB Denis Perrin 0-0: Called Strike
0-1: Ball
1-1: Swinging Strike
1-2: Foul Ball, location: 2F
1-2: Strikes out swinging
Top of the 1st over - 0 runs, 1 hit, 1 error, 2 left on base; Valley View 0 - Memphis 0
BOTTOM OF THE 1ST
Memphis Music batting - Pitching for Valley View Cougars : LHP Pepe Fontirroig
Pitching: LHP Pepe Fontirroig
Batting: RHB Karel van Capelle 0-0: Ball
1-0: Swinging Strike
1-1: Foul Ball, location: 2F
1-2: Ball
2-2: Foul Ball, location: 2F
2-2: Fly out, F7 (Flyball, 7LSF, EV 82.5 MPH)
Batting: RHB Shi-xian Zhào 0-0: Called Strike
0-1: SINGLE (Groundball, 15S, EV 72.5 MPH) (infield hit)
Batting: RHB Pedro Martínez 0-0: Swinging Strike
0-1: Ball
1-1: Swinging Strike
1-2: Foul Ball, location: 2F
1-2: Ball
2-2: Foul Ball, location: 2F
2-2: Strikes out swinging
Shi-xian Zhào is caught stealing 2nd base 2-4
Batter strikes out.
Bottom of the 1st over - 0 runs, 1 hit, 0 errors, 0 left on base; Valley View 0 - Memphis 0
TOP OF THE 2ND
Valley View Cougars batting - Pitching for Memphis Music : RHP Sang-hwa Kim
Batting: LHB Quentin Batkin 0-0: Fly out, F6 (Line Drive, 6, EV 68.8 MPH)
Batting: RHB Steve Roberson 0-0: Ball
1-0: Ball
2-0: Called Strike
2-1: Ball
3-1: Ground out 6-3 (Groundball, 6, EV 85.0 MPH)
Batting: LHB Ruhinda Kirkconnell 0-0: Ground out U3 (Groundball, 34, EV 98.8 MPH)
Top of the 2nd over - 0 runs, 0 hits, 0 errors, 0 left on base; Valley View 0 - Memphis 0
BOTTOM OF THE 2ND
Memphis Music batting - Pitching for Valley View Cougars : LHP Pepe Fontirroig
Batting: LHB Leonid Machehin 0-0: Ball
1-0: SOLO HOME RUN (Flyball, 9LD, EV 96.2 MPH), Distance : 373 ft
Batting: RHB Clay Myers 0-0: Ball
1-0: Foul Ball, location: 2F
1-1: Ball
2-1: Ball
3-1: Foul Ball, location: 2F
3-2: Foul Ball, location: 2F
3-2: Foul Ball, location: 2F
3-2: Foul Ball, location: 2F
3-2: Ground out 6-3 (Groundball, 6, EV 85.0 MPH)
Batting: LHB António Colón 0-0: Ball
1-0: Foul Ball, location: 2F
1-1: Foul Ball, location: 2F
1-2: Strikes out swinging
Batting: RHB Jorge Pagán 0-0: Called Strike
0-1: Ball
1-1: Ball
2-1: Foul Ball, location: 2F
2-2: Foul Ball, location: 2F
2-2: Foul Ball, location: 2F
2-2: Strikes out swinging
Bottom of the 2nd over - 1 run, 1 hit, 0 errors, 0 left on base; Valley View 0 - Memphis 1
TOP OF THE 3RD
Valley View Cougars batting - Pitching for Memphis Music : RHP Sang-hwa Kim
Batting: RHB Raúl Villegas 0-0: Called Strike
0-1: Ball
1-1: Fly out, F8 (Flyball, 8RD, EV 96.9 MPH)
Batting: RHB Jerry Scott 0-0: Called Strike
0-1: Fly out, F9 (Flyball, 9S, EV 94.4 MPH)
Batting: RHB Tyler Namaes 0-0: Foul Ball, location: 2F
0-1: Ball
1-1: Ground out 4-3 (Groundball, 4, EV 90.0 MPH)
Top of the 3rd over - 0 runs, 0 hits, 0 errors, 0 left on base; Valley View 0 - Memphis 1
BOTTOM OF THE 3RD
Memphis Music batting - Pitching for Valley View Cougars : LHP Pepe Fontirroig
Batting: RHB Cristián Bustillo 0-0: Called Strike
0-1: Swinging Strike
0-2: Ball
1-2: Foul Ball, location: 2F
1-2: Ball
2-2: Strikes out swinging
Batting: RHB Clarence Price 0-0: Foul Ball, location: 2F
0-1: Swinging Strike
0-2: Foul Ball, location: 2F
0-2: Strikes out swinging
Batting: RHB Karel van Capelle 0-0: Ball
1-0: Ball
2-0: Foul Ball, location: 2F
2-1: Swinging Strike
2-2: Strikes out looking
Bottom of the 3rd over - 0 runs, 0 hits, 0 errors, 0 left on base; Valley View 0 - Memphis 1
TOP OF THE 4TH
Valley View Cougars batting - Pitching for Memphis Music : RHP Sang-hwa Kim
Batting: RHB Matt Méndez 0-0: Ball
1-0: Ball
2-0: Foul Ball, location: 2F
2-1: SINGLE (Flyball, 89S, EV 85.6 MPH)
Batting: RHB John Ingham 0-0: Called Strike
Matt Méndez is caught stealing 2nd base 2-4
0-1: Ball
1-1: Ball
2-1: Fly out, F5 (Popup, 56, EV 65.0 MPH)
Batting: RHB Denis Perrin 0-0: Called Strike
0-1: Foul Ball, location: 2F
0-2: Foul Ball, location: 2F
0-2: Strikes out swinging
Top of the 4th over - 0 runs, 1 hit, 0 errors, 0 left on base; Valley View 0 - Memphis 1
BOTTOM OF THE 4TH
Memphis Music batting - Pitching for Valley View Cougars : LHP Pepe Fontirroig
Batting: RHB Shi-xian Zhào 0-0: Called Strike
0-1: Swinging Strike
0-2: Strikes out swinging
Batting: RHB Pedro Martínez 0-0: Foul Ball, location: 2F
0-1: Swinging Strike
0-2: Strikes out swinging
Batting: LHB Leonid Machehin 0-0: Fly out, F8 (Flyball, 8RM, EV 90.6 MPH)
Bottom of the 4th over - 0 runs, 0 hits, 0 errors, 0 left on base; Valley View 0 - Memphis 1
TOP OF THE 5TH
Valley View Cougars batting - Pitching for Memphis Music : RHP Sang-hwa Kim
Batting: LHB Quentin Batkin 0-0: Ball
1-0: Foul Ball, location: 2F
1-1: Foul Ball, location: 2F
1-2: Ball
2-2: Ground out 4-3 (Groundball, 4, EV 101.9 MPH)
Batting: RHB Steve Roberson 0-0: Called Strike
0-1: Foul Ball, location: 2F
0-2: Ball
1-2: Ball
2-2: Ball
3-2: Strikes out swinging
Batting: LHB Ruhinda Kirkconnell 0-0: Called Strike
0-1: Ball
1-1: Ball
2-1: Fly out, F8 (Line Drive, 8RM, EV 86.9 MPH)
Top of the 5th over - 0 runs, 0 hits, 0 errors, 0 left on base; Valley View 0 - Memphis 1
BOTTOM OF THE 5TH
Memphis Music batting - Pitching for Valley View Cougars : LHP Pepe Fontirroig
Batting: RHB Clay Myers 0-0: Foul Ball, location: 2F
0-1: Ground out 1-3 (Groundball, P, EV 88.1 MPH)
Batting: LHB António Colón 0-0: Ball
1-0: Ball
2-0: Ball
3-0: Base on Balls
Batting: RHB Jorge Pagán Pickoff Throw to First - Out! 1-3
0-0: Foul Ball, location: 2F
0-1: Ball
1-1: Ground out 4-3 (Groundball, 4, EV 85.0 MPH)
Bottom of the 5th over - 0 runs, 0 hits, 0 errors, 0 left on base; Valley View 0 - Memphis 1
TOP OF THE 6TH
Valley View Cougars batting - Pitching for Memphis Music : RHP Sang-hwa Kim
Batting: RHB Raúl Villegas 0-0: Ball
1-0: Ball
2-0: Fly out, F9 (Flyball, 9S, EV 93.1 MPH)
Batting: RHB Jerry Scott 0-0: Called Strike
0-1: Ball
1-1: Ball
2-1: Fly out, F9 (Flyball, 9LD, EV 91.9 MPH)
Batting: RHB Tyler Namaes 0-0: Ball
1-0: Ball
2-0: Foul Ball, location: 2F
2-1: Foul Ball, location: 2F
2-2: Foul Ball, location: 2F
2-2: Foul Ball, location: 2F
2-2: Foul Ball, location: 2F
2-2: Ball
3-2: Strikes out swinging
Top of the 6th over - 0 runs, 0 hits, 0 errors, 0 left on base; Valley View 0 - Memphis 1
BOTTOM OF THE 6TH
Memphis Music batting - Pitching for Valley View Cougars : LHP Pepe Fontirroig
Batting: RHB Cristián Bustillo 0-0: Foul Ball, location: 2F
0-1: Ball
1-1: Ball
2-1: Foul Ball, location: 2F
2-2: Ball
3-2: Strikes out looking
Batting: RHB Clarence Price 0-0: Called Strike
0-1: Ball
1-1: Ball
2-1: Foul Ball, location: 2F
2-2: Ball
3-2: Foul Ball, location: 2F
3-2: SINGLE (Line Drive, 78S, EV 88.1 MPH)
Batting: RHB Karel van Capelle 0-0: Ball
1-0: Fly out, F8 (Flyball, 89M, EV 89.4 MPH)
Batting: RHB Shi-xian Zhào 0-0: Ball
1-0: Ball
Wild Pitch!
Clarence Price to second
2-0: Called Strike
2-1: Ball
3-1: Fly out, F8 (Line Drive, 8RM, EV 93.8 MPH)
Bottom of the 6th over - 0 runs, 1 hit, 0 errors, 1 left on base; Valley View 0 - Memphis 1
TOP OF THE 7TH
Valley View Cougars batting - Pitching for Memphis Music : RHP Sang-hwa Kim
Pitching: RHP Li-chi Lou
Batting: RHB Matt Méndez 0-0: Called Strike
0-1: SINGLE (Line Drive, 78S, EV 91.2 MPH)
Batting: RHB John Ingham 0-0: SINGLE (Line Drive, 6MD, EV 95.6 MPH)
Matt Méndez to second
Batting: RHB Denis Perrin 0-0: Ball
1-0: Ball
2-0: DOUBLE (Line Drive, 89D, EV 110.0 MPH)
Matt Méndez scores
John Ingham to third
Batting: LHB Quentin Batkin 0-0: Ball
1-0: Called Strike
1-1: Swinging Strike
1-2: Strikes out looking
Batting: RHB Steve Roberson 0-0: Called Strike
0-1: Ball
1-1: Foul Ball, location: 2F
1-2: Foul Ball, location: 2F
1-2: Foul Ball, location: 2F
1-2: Foul Ball, location: 2F
1-2: SINGLE (Flyball, 89M, EV 93.8 MPH)
John Ingham scores
Denis Perrin to third
Batting: LHB Ruhinda Kirkconnell 0-0: Swinging Strike
0-1: Called Strike
0-2: Ball
1-2: Strikes out swinging
Batting: RHB Raúl Villegas 0-0: Called Strike
0-1: Ball
1-1: Ball
2-1: SINGLE (Line Drive, 4D, EV 98.1 MPH)
Denis Perrin scores
Steve Roberson to second
Runner from 2nd tries for 3rd, SAFE, no throw by CF
Batting: RHB Jerry Scott 0-0: Ball
1-0: Foul Ball, location: 2F
1-1: Ball
2-1: Ball
3-1: Base on Balls
Raúl Villegas to second
Batting: RHB Tyler Namaes 0-0: Called Strike
0-1: Swinging Strike
0-2: Ball
1-2: Foul Ball, location: 2F
1-2: Strikes out swinging
Top of the 7th over - 3 runs, 5 hits, 0 errors, 3 left on base; Valley View 3 - Memphis 1
BOTTOM OF THE 7TH
Memphis Music batting - Pitching for Valley View Cougars : LHP Pepe Fontirroig
Batting: RHB Pedro Martínez 0-0: Ball
1-0: Fly out, F7 (Flyball, 7D, EV 101.9 MPH)
Batting: LHB Leonid Machehin 0-0: Called Strike
0-1: Ball
1-1: Ball
2-1: Foul Ball, location: 2F
2-2: Strikes out swinging
Batting: RHB Clay Myers 0-0: Ball
1-0: Foul Ball, location: 2F
1-1: Ball
2-1: Foul Ball, location: 2F
2-2: Foul Ball, location: 2F
2-2: Ball
3-2: Ground out U3 (Groundball, 3, EV 99.4 MPH)
Bottom of the 7th over - 0 runs, 0 hits, 0 errors, 0 left on base; Valley View 3 - Memphis 1
TOP OF THE 8TH
Valley View Cougars batting - Pitching for Memphis Music : RHP Li-chi Lou
Pitching: RHP Rob Durnford
Batting: RHB Matt Méndez 0-0: Ball
1-0: Fly out, F6 (Popup, 6D, EV 57.5 MPH)
Batting: RHB John Ingham 0-0: SINGLE (Line Drive, 6MD, EV 102.5 MPH)
Batting: RHB Denis Perrin 0-0: Called Strike
0-1: Called Strike
0-2: DOUBLE (Line Drive, 9LM, EV 109.4 MPH)
John Ingham to third
Batting: LHB Quentin Batkin 0-0: Called Strike
0-1: Ball
1-1: Ball
2-1: Ball
3-1: Base on Balls
Batting: RHB Steve Roberson 0-0: Called Strike
0-1: Ball
1-1: Ball
2-1: Foul Ball, location: 2F
2-2: Ball
3-2: Base on Balls
John Ingham scores
Denis Perrin to third
Quentin Batkin to second
Batting: LHB Ruhinda Kirkconnell 0-0: Called Strike
0-1: Called Strike
0-2: Ball
1-2: Foul Ball, location: 2F
1-2: Ball
2-2: Strikes out looking
Batting: RHB Raúl Villegas 0-0: Foul Ball, location: 2F
0-1: Swinging Strike
0-2: Fly out, F8 (Flyball, 8RD, EV 80.0 MPH)
Top of the 8th over - 1 run, 2 hits, 0 errors, 3 left on base; Valley View 4 - Memphis 1
BOTTOM OF THE 8TH
Memphis Music batting - Pitching for Valley View Cougars : LHP Pepe Fontirroig
Pitching: RHP Esteban Sánchez
Batting: LHB António Colón 0-0: Ball
1-0: Ball
2-0: Ball
3-0: Swinging Strike
3-1: Foul Ball, location: 2F
3-2: Base on Balls
Batting: RHB Jorge Pagán 0-0: Ball
1-0: Called Strike
1-1: Ball
2-1: Swinging Strike
2-2: Strikes out looking
Batting: RHB Cristián Bustillo 0-0: Ball
1-0: Called Strike
1-1: Fly out, F6 (Popup, 6M, EV 63.8 MPH)
Batting: RHB Clarence Price 0-0: Called Strike
0-1: Called Strike
0-2: Ball
1-2: DOUBLE (Line Drive, 7LM, EV 98.1 MPH)
António Colón to third
Runner from 3rd tries for Home, SAFE, throw by LF to trailing runner, SAFE at third!
Batting: RHB Karel van Capelle 0-0: Swinging Strike
0-1: Swinging Strike
0-2: Strikes out swinging
Bottom of the 8th over - 1 run, 1 hit, 0 errors, 1 left on base; Valley View 4 - Memphis 2
TOP OF THE 9TH
Valley View Cougars batting - Pitching for Memphis Music : RHP Rob Durnford
Batting: RHB Jerry Scott 0-0: Ball
1-0: Swinging Strike
1-1: Ball
2-1: Foul Ball, location: 2F
2-2: Ball
3-2: Strikes out swinging
Batting: RHB Tyler Namaes 0-0: Ball
1-0: Ball
2-0: Ball
3-0: Called Strike
3-1: Ground out 6-3 (Groundball, 6M, EV 91.9 MPH)
Batting: RHB Matt Méndez 0-0: SINGLE (Line Drive, 4MD, EV 96.2 MPH)
Batting: RHB John Ingham 0-0: Fly out, F8 (Flyball, 8LS, EV 88.1 MPH)
Top of the 9th over - 0 runs, 1 hit, 0 errors, 1 left on base; Valley View 4 - Memphis 2
BOTTOM OF THE 9TH
Memphis Music batting - Pitching for Valley View Cougars : RHP Esteban Sánchez
Now at 1B: Davey Grant
Now in RF: Bari bin Sayyid
Batting: RHB Shi-xian Zhào 0-0: Called Strike
0-1: Foul Ball, location: 2F
0-2: SINGLE (Line Drive, 6MD, EV 94.4 MPH)
Batting: RHB Pedro Martínez 0-0: Called Strike
0-1: Ball
1-1: Ball
2-1: Swinging Strike
2-2: Foul Ball, location: 2F
2-2: Strikes out swinging
Batting: LHB Leonid Machehin 0-0: Called Strike
0-1: DOUBLE (Groundball, 3L, EV 103.1 MPH)
Shi-xian Zhào to third
Pitching: LHP Fernando Mora
Batting: RHB Clay Myers 0-0: Ball
1-0: Ball
2-0: Foul Ball, location: 2F
2-1: Ball
3-1: Called Strike
3-2: Strikes out looking
Batting: LHB António Colón 0-0: Ball
1-0: Called Strike
1-1: Ball
2-1: Ball
3-1: Base on Balls
Pinch Hitting: LHB Bartolo Tasis 0-0: Ball
1-0: Ground out 5-3 (Groundball, 56S, EV 76.9 MPH)
Bottom of the 9th over - 0 runs, 2 hits, 0 errors, 3 left on base; Valley View 4 - Memphis 2
Thursday, January 23rd, 2020 - OOTP Baseball 20.8 Build 74